 Dungeon Crawl Stone Soup version 0.23.1 (webtiles) character file.

Game seed: 626196544020879586

1054 Borgoz the Ducker (level 8, -6/66 HPs)
             Began as a Ghoul Enchanter on Mar 3, 2019.
             Was an Initiate of Ashenzari.
             Mangled by a hell rat (7 damage)
             ... on level 5 of the Dungeon.
             The game lasted 00:17:10 (7043 turns).

Borgoz the Ducker (Ghoul Enchanter)                 Turns: 7043, Time: 00:17:11

Health: -6/66      AC:  8    Str: 12    XL:     8   Next: 26%
Magic:  0/9        EV: 12    Int: 10    God:    Ashenzari [......]
Gold:   69         SH:  0    Dex: 11    Spells: 4/10 levels left

rFire    . . .     SeeInvis .   a - +1 dagger
rCold    + . .     Gourm    .   (no shield)
rNeg     + + +     Faith    .   c - +0 ring mail
rPois    ∞         Spirit   +   b - +2 helmet
rElec    .         Reflect  .   (no cloak)
rCorr    .         Harm     .   (no gloves)
MR       ++...                  (no boots)
Stlth    ++........             g - amulet of guardian spirit
HPRegen  0.00/turn              k - ring of protection from magic
MPRegen  0.11/turn              h - ring of protection from magic

@: rotting
A: rotting body, claws 1, carnivore, cold resistance 1, negative energy
resistance 3, inhibited regeneration, torment resistance, unbreathing
a: Curse Item, Renounce Religion


You were on level 5 of the Dungeon.
You worshipped Ashenzari.
Ashenzari was noncommittal.
You were not hungry.

You visited 2 branches of the dungeon, and saw 8 of its levels.

You collected 259 gold pieces.
You spent 190 gold pieces at shops.

Inventory:

Hand Weapons
 a - a +1 dagger (weapon)
Missiles
 i - 2 tomahawks (quivered)
 o - 7 needles of paralysis
 t - 2 poisoned tomahawks
Armour
 b - a +2 helmet (worn)
 c - a +0 ring mail (worn)
Jewellery
 g - an amulet of guardian spirit (around neck)
 h - a ring of protection from magic (right claw)
 k - a ring of protection from magic (left claw)
 n - an uncursed ring of see invisible
Scrolls
 e - a scroll of amnesia
 f - a scroll of magic mapping
 j - a scroll of noise {unknown}
 l - 3 scrolls of remove curse
Potions
 m - a potion of flight
 p - a potion of curing
 s - a potion of haste
Comestibles
 d - 10 rations


   Skills:
 + Level 3.7 Fighting
 * Level 5.0 Short Blades
 + Level 3.1 Armour
 * Level 5.1 Dodging
 + Level 3.3 Stealth
 + Level 1.8 Spellcasting
 + Level 2.5 Hexes


You had 4 spell levels left.
You knew the following spells:

 Your Spells              Type           Power        Failure   Level  Hunger
a - Corona                Hex            #......      24%         1    ##.....
b - Ensorcelled Hibernat  Hex/Ice        #.....       52%         2    ###....
c - Confuse               Hex            #.......     58%         3    ####...

Your spell library contained the following spells:

 Spells                   Type           Power        Failure   Level  Hunger
 Tukima's Dance           Hex            #.......     58%         3    ####...
 Dazzling Spray           Conj/Hex       #.....       77%         3    ####...


Dungeon Overview and Level Annotations

Branches:
Dungeon (7/15)             Temple (1/1) D:5

Altars:
Ashenzari
Cheibriados
Dithmenos
Elyvilon
Fedhas
Gozag
Hepliaklqana
Kikubaaqudgha
Makhleb
Nemelex Xobeh
Okawaru
Qazlal
Ru
Sif Muna
Trog
Uskayaw
Vehumet
Wu Jian
Xom
Yredelemnul
Zin
The Shining One

Shops:
D:4 ??!?

Annotations:
D:5 Prince Ribbit


Innate Abilities, Weirdness & Mutations

Your body is rotting away.
You thrive on raw meat.
You are immune to poison.
You have sharp fingernails.
You are carnivorous and can eat meat at any time.
Your flesh is cold resistant. (rC+)
You are immune to negative energy. (rN+++)
You do not regenerate when monsters are visible.
You are immune to unholy pain and torment.
You can survive without breathing.


Message History

Okay, then.
Okay, then.
Okay, then.
You hit the hell rat but do no damage.
The hell rat is moderately wounded.
The hell rat completely misses you.
You hit the hell rat but do no damage.
The hell rat is moderately wounded.
The hell rat twitches its whiskers.
The hell rat bites you!
* * * LOW HITPOINT WARNING * * *
You hit the hell rat but do no damage.
The hell rat is moderately wounded.
The hell rat bites you but does no damage.
Okay, then.
As you read the scroll of fear, it crumbles to dust.
You assume a fearsome visage.
The river rat looks frightened!
The hell rat is unaffected. x2; The rat looks frightened!
The hell rat bites you!
You die...

##.##.....###.# #........
#.##....#..##.####........
#.##..#rr#.##.............
#.## #.r#.r##.##.#....#.#.
##.#.r.r#÷.##....#.##.#.#.
#.##.r..#.r##.#...........
##.#...###r##.#.#.#.#.##..
#.##r. ##r##...#.#.#....#
##.### #@###............#
##.####.##..##.#.>.#.#..
##.##.###.....#...#.#.#
#.#.##....#....#......
##.#÷#.##.#.##.#.##.#.
#####.<............#.
####.#.#.#.##....
######.#.#.#....##.
#..................


You could see 3 hell rats and a rat (fleeing).

Vanquished Creatures
  A water moccasin (D:5)
  3 ogres
  A bullfrog (D:6)
  A howler monkey (D:5)
  2 crimson imps
  A bullfrog zombie (D:6)
  2 orc priests (D:4)
  2 centaur skeletons
  An orc wizard (D:4)
  An iguana (D:5)
  4 worker ants
  A hound skeleton (D:4)
  9 adders
  A river rat (D:5)
  A shadow imp (D:6)
  2 oozes
  3 adder skeletons
  A worm (D:4)
  4 dart slugs
  5 leopard geckos
  11 orcs
  4 giant cockroaches
  5 hobgoblins
  10 kobolds
  2 quokkas
  3 ball pythons
  12 bats
  6 frilled lizards
  2 goblins
  A leopard gecko zombie (D:5)
  22 rats
124 creatures vanquished.

Notes
Turn   | Place    | Note
-------+----------+-------------------------------------------
     0 | D:1      | Borgoz the Ghoul Enchanter began the quest for the Orb.
     0 | D:1      | Reached XP level 1. HP: 14/14 MP: 2/2
    57 | D:1      | Reached skill level 1 in Short Blades
   268 | D:1      | Reached XP level 2. HP: 4/22 MP: 3/3
   579 | D:1      | Reached XP level 3. HP: 27/27 MP: 4/4
   726 | D:1      | Reached skill level 1 in Armour
  1027 | D:2      | Found a bloodstained altar of Trog.
  1140 | D:2      | Reached skill level 1 in Fighting
  1740 | D:2      | Reached XP level 4. HP: 35/35 MP: 5/5
  2595 | D:3      | Found a white marble altar of Elyvilon.
  2642 | D:3      | Reached XP level 5. HP: 39/40 MP: 6/6
  2729 | D:3      | Noticed a phantom
  2740 | D:3      | Learned a level 2 spell: Ensorcelled Hibernation
  2779 | D:4      | Found Ymel's Distillery.
  2779 | D:4      | Noticed an ogre
  3391 | D:4      | Killed an ogre
  3656 | D:4      | Found Qour's Magic Scroll Shop.
  3661 | D:4      | Bought a scroll of remove curse for 33 gold pieces
  3661 | D:4      | Bought a scroll of identify for 22 gold pieces
  3662 | D:4      | Noticed an ogre
  3695 | D:5      | Entered Level 5 of the Dungeon
  3711 | D:5      | Reached XP level 6. HP: 29/47 MP: 7/7
  3890 | D:5      | Noticed a water moccasin
  3927 | D:5      | Killed a water moccasin
  3927 | D:5      | Reached XP level 7. HP: 25/56 MP: 2/8
  4092 | D:4      | Found Biydeic's Magic Scroll Emporium.
  4253 | D:4      | Bought a scroll of identify for 22 gold pieces
  4253 | D:4      | Bought a scroll of identify for 22 gold pieces
  4457 | D:4      | You fall through a shaft for 2 floors!
  4631 | D:5      | Noticed Prince Ribbit
  5035 | D:4      | Learned a level 3 spell: Confuse
  5078 | D:4      | Reached XP level 8. HP: 63/63 MP: 6/9
  5213 | D:4      | Reached skill level 5 in Dodging
  5485 | D:4      | Bought a potion of might for 52 gold pieces
  5485 | D:4      | Bought a potion of flight for 39 gold pieces
  5534 | D:4      | Found Qoadufif's Magic Scroll Boutique.
  5841 | D:5      | Found a staircase to the Ecumenical Temple.
  5875 | Temple   | Entered the Ecumenical Temple
  5930 | Temple   | Became a worshipper of Ashenzari the Shackled
  6918 | D:5      | Reached skill level 5 in Short Blades
  7022 | D:5      | Found the +2 ratskin cloak {+Rats rPois rN+ Str-1 Int-1
                  | Dex+1}
  7041 | D:5      | HP: 1/66 [hell rat (11)]
  7043 | D:5      | Mangled by a hell rat

Skill      XL: |  1  2  3  4  5  6  7  8 |
---------------+-------------------------+-----
Short Blades   | 1 2 3 4 5 |  5.0
Dodging        | 2 3 4 5 |  5.1
Armour         | 1 2 3 |  3.1
Fighting       | 1 2 3 |  3.7
Stealth        | |  3.3
Spellcasting   | |  1.8
Hexes          | |  2.5

Action                   |  1- 3 |  4- 6 |  7- 9 || total
-------------------------+-------+-------+-------++-------
Melee: Dagger            |   130 |   318 |   428 ||   876
Throw: Tomahawk          |       |     2 |     4 ||     6
       Throwing net      |       |     1 |       ||     1
 Cast: Ensorcelled Hiber |       |     1 |    17 ||    18
       Corona            |       |       |     1 ||     1
  Use: Potion            |     4 |     4 |     8 ||    16
       Scroll            |       |     1 |     8 ||     9
 Stab: Sleeping          |     9 |     5 |    12 ||    26
       Invisible         |       |     5 |     1 ||     6
       Distracted        |       |       |     1 ||     1
  Eat: Chunk             |    15 |    16 |    12 ||    43
       Ration            |       |       |     1 ||     1
Armor: Robe              |    31 |       |       ||    31
       Ring mail         |     2 |   105 |   104 ||   211
Dodge: Dodged            |    84 |   211 |   237 ||   532
